[ AOE2 MATCH · #508123845 ]
UnrankedJurchens vs Lithuanians
Player's team · WIN
[ REPLAY ANALYSIS · EXTRACTED FROM THE RECORDED GAME ]
Feudal
12:12
Castle
—
Imperial
—
| APM avg | 54.6 |
| APM peak | 81 |
| eAPM avg | 24.1 |
| Villagers / military | 30 / 23 |
Focus
⚔️ 34.4% · 🌾 65.6%
Militia ×11 · Unknown (2626) ×6 · Skirmisher ×5 · Archer ×4 · Fishing Ship ×4 · Galley ×2
Feudal
12:26
Castle
—
Imperial
—
| APM avg | 45.6 |
| APM peak | 72 |
| eAPM avg | 25.2 |
| Villagers / military | 50 / 36 |
Focus
⚔️ 32.8% · 🌾 67.2%
Militia ×16 · Skirmisher ×9 · Fishing Ship ×9 · Archer ×7 · Unknown (2626) ×5 · Fire Galley ×2
Match map
Initial resources + every placement click. Lines = walls · curves = elevation contours. ◆ gold · ⬟ stone · ● berries · ✦ relic · ◌ wall gap
Your base· Open — unwalled flank
vilage idoit's base· Open — unwalled flank
Smoothed initial terrain · ◌ = detected wall gap · hover for details
Inputs per minute
— CORP_hector_sin_elo - - vilage idoit
Build order — CORP_hector_sin_elo
114 actions detected in the replay
| 0:00 | Queue | Villager (Male) |
| 0:01 | Queue | Villager (Male) |
| 0:01 | Queue | Villager (Male) |
| 0:02 | Build | House |
| 0:04 | Build | House |
| 0:31 | Queue | Villager (Male) |
| 1:30 | Queue | Villager (Male) |
| 1:56 | Queue | Villager (Male) |
| 2:20 | Queue | Villager (Male) |
| 2:43 | Queue | Villager (Male) |
| 3:11 | Build | House |
| 3:13 | Build | Barracks |
| 3:24 | Queue | Villager (Male) |
| 3:49 | Queue | Villager (Male) |
| 4:00 | Build | Palisade Wall |
| 4:06 | Queue | Villager (Male) |
| 4:23 | Queue | Militia |
| 4:40 | Queue | Villager (Male) |
| 4:55 | Queue | Militia |
| 4:58 | Build | House |
| 5:05 | Build | House |
| 5:10 | Queue | Villager (Male) |
| 5:19 | Build | Lumber Camp |
| 5:25 | Queue | Militia |
| 5:44 | Queue | Militia |
| 6:19 | Queue | Villager (Male) |
| 6:30 | Build | House |
| 6:34 | Queue | Villager (Male) |
| 6:51 | Build | Palisade Wall |
| 6:52 | Build | Palisade Wall |
| 6:53 | Build | Palisade Wall |
| 6:54 | Build | Palisade Wall |
| 6:55 | Build | Palisade Wall |
| 6:56 | Build | Palisade Wall |
| 7:18 | Queue | Villager (Male) |
| 7:38 | Queue | Villager (Male) |
| 8:04 | Queue | Villager (Male) |
| 8:14 | Build | Dock |
| 8:37 | Build | Palisade Wall |
| 8:38 | Build | Palisade Wall |
| 8:38 | Build | Palisade Wall |
| 8:39 | Build | Palisade Wall |
| 8:41 | Queue | Villager (Male) |
| 9:06 | Build | Palisade Wall |
| 9:09 | Build | Palisade Wall |
| 9:10 | Build | Palisade Wall |
| 9:11 | Build | Palisade Wall |
| 9:11 | Build | Palisade Wall |
| 9:11 | Build | Palisade Wall |
| 9:16 | Queue | Fishing Ship |
| 9:33 | Queue | Villager (Male) |
| 10:02 | Research | Feudal Age |
| 10:13 | Queue | Fishing Ship |
| 11:04 | Build | Mining Camp |
| 11:05 | Queue | Militia |
| 11:46 | Research | Loom |
| 12:12 | Age | Feudal Age |
| 12:13 | Research | Man-at-Arms (upgrade) |
| 12:15 | Build | House |
| 12:16 | Build | Palisade Wall |
| 12:18 | Research | Double-Bit Axe |
| 12:36 | Queue | Militia |
| 12:40 | Build | Dock |
| 12:45 | Queue | Villager (Male) |
| 13:01 | Build | House |
| 13:03 | Build | House |
| 13:13 | Queue | Militia |
| 13:34 | Queue | Villager (Male) |
| 13:40 | Build | Archery Range |
| 13:52 | Queue | Militia |
| 14:09 | Queue | Villager (Male) |
| 14:12 | Build | Blacksmith |
| 14:26 | Build | Dock |
| 14:39 | Queue | Skirmisher |
| 14:39 | Queue | Villager (Male) |
| 14:43 | Queue | Villager (Male) |
| 14:50 | Queue | Archer |
| 14:59 | Research | Scale Mail Armor |
| 15:07 | Queue | Galley |
| 15:25 | Queue | Skirmisher |
| 15:34 | Queue | Archer |
| 15:41 | Queue | Galley |
| 15:47 | Queue | Skirmisher |
| 16:09 | Queue | Villager (Male) |
| 16:15 | Build | Mill |
| 16:38 | Queue | Villager (Male) |
| 16:42 | Queue | Skirmisher |
| 17:02 | Queue | Archer |
| 17:15 | Queue | Skirmisher |
| 17:20 | Queue | Unit 2626 |
| 17:31 | Queue | Archer |
| 17:32 | Queue | Villager (Male) |
| 17:38 | Queue | Fire Galley |
| 17:45 | Queue | Militia |
| 17:49 | Build | Farm |
| 17:53 | Build | Farm |
| 17:54 | Build | Farm |
| 17:58 | Queue | Fishing Ship |
| 17:59 | Queue | Fishing Ship |
| 18:04 | Queue | Unit 2626 |
| 18:05 | Queue | Unit 2626 |
| 18:15 | Build | Farm |
| 18:17 | Build | Farm |
| 18:21 | Queue | Villager (Male) |
| 18:49 | Research | Fletching |
| 18:53 | Queue | Unit 2626 |
| 19:15 | Queue | Militia |
| 19:18 | Build | House |
| 19:41 | Queue | Unit 2626 |
| 19:41 | Queue | Unit 2626 |
| 19:44 | Build | House |
| 19:57 | Queue | Militia |
| 20:11 | Research | Forging |
| 20:23 | Queue | Villager (Male) |
Build order — vilage idoit
First 150 of 155 actions detected
| 0:01 | Queue | Villager (Male) |
| 0:01 | Queue | Villager (Male) |
| 0:02 | Build | House |
| 0:07 | Build | House |
| 0:26 | Queue | Villager (Male) |
| 0:26 | Queue | Villager (Male) |
| 0:26 | Queue | Villager (Male) |
| 0:30 | Build | Lumber Camp |
| 0:41 | Queue | Villager (Male) |
| 0:41 | Queue | Villager (Male) |
| 2:30 | Queue | Villager (Male) |
| 2:30 | Queue | Villager (Male) |
| 2:56 | Queue | Villager (Male) |
| 2:56 | Queue | Villager (Male) |
| 3:27 | Build | Dock |
| 3:29 | Build | Palisade Wall |
| 3:31 | Build | Palisade Wall |
| 3:40 | Queue | Villager (Male) |
| 3:40 | Queue | Villager (Male) |
| 4:02 | Queue | Villager (Male) |
| 4:03 | Queue | Villager (Male) |
| 4:09 | Queue | Fishing Ship |
| 4:20 | Build | House |
| 4:25 | Research | Loom |
| 4:29 | Queue | Villager (Male) |
| 4:29 | Queue | Villager (Male) |
| 4:34 | Queue | Fishing Ship |
| 4:34 | Queue | Fishing Ship |
| 5:00 | Queue | Villager (Male) |
| 5:00 | Queue | Villager (Male) |
| 5:01 | Queue | Villager (Male) |
| 5:13 | Queue | Fishing Ship |
| 5:50 | Build | House |
| 5:51 | Build | Palisade Wall |
| 5:57 | Build | Palisade Wall |
| 6:00 | Build | Palisade Wall |
| 6:01 | Build | Palisade Wall |
| 6:05 | Build | Palisade Wall |
| 6:08 | Queue | Villager (Male) |
| 6:08 | Queue | Villager (Male) |
| 6:18 | Build | Palisade Wall |
| 6:29 | Queue | Villager (Male) |
| 6:37 | Queue | Villager (Male) |
| 6:54 | Queue | Villager (Male) |
| 7:00 | Queue | Villager (Male) |
| 7:25 | Queue | Villager (Male) |
| 7:31 | Build | Mining Camp |
| 7:37 | Build | House |
| 7:40 | Queue | Villager (Male) |
| 8:06 | Build | Palisade Wall |
| 8:10 | Build | Palisade Gate |
| 8:26 | Queue | Villager (Male) |
| 8:26 | Queue | Villager (Male) |
| 8:26 | Queue | Villager (Male) |
| 8:36 | Queue | Fishing Ship |
| 8:37 | Queue | Villager (Male) |
| 9:04 | Build | Barracks |
| 9:10 | Queue | Villager (Male) |
| 9:16 | Build | Palisade Wall |
| 9:26 | Queue | Fishing Ship |
| 9:30 | Build | House |
| 9:39 | Queue | Villager (Male) |
| 9:47 | Build | House |
| 9:53 | Build | Palisade Wall |
| 9:56 | Queue | Militia |
| 9:57 | Queue | Militia |
| 10:03 | Research | Feudal Age |
| 10:21 | Queue | Militia |
| 10:23 | Build | Lumber Camp |
| 10:28 | Build | Palisade Wall |
| 10:40 | Queue | Militia |
| 10:46 | Queue | Villager (Male) |
| 10:58 | Queue | Fishing Ship |
| 11:06 | Queue | Militia |
| 11:29 | Queue | Villager (Male) |
| 11:31 | Queue | Fishing Ship |
| 11:43 | Build | Palisade Gate |
| 11:50 | Queue | Fishing Ship |
| 12:07 | Build | House |
| 12:13 | Build | House |
| 12:26 | Age | Feudal Age |
| 12:30 | Research | Man-at-Arms (upgrade) |
| 12:30 | Research | Man-at-Arms (upgrade) |
| 12:36 | Queue | Villager (Male) |
| 12:48 | Queue | Villager (Male) |
| 13:01 | Build | House |
| 13:03 | Build | Palisade Wall |
| 13:09 | Queue | Villager (Male) |
| 13:18 | Queue | Villager (Male) |
| 13:21 | Build | Archery Range |
| 13:30 | Research | Double-Bit Axe |
| 13:30 | Research | Double-Bit Axe |
| 13:43 | Build | Palisade Wall |
| 13:44 | Build | Palisade Wall |
| 13:51 | Queue | Militia |
| 14:01 | Build | Palisade Wall |
| 14:03 | Build | Palisade Wall |
| 14:05 | Build | Palisade Wall |
| 14:06 | Queue | Militia |
| 14:08 | Queue | Villager (Male) |
| 14:12 | Queue | Militia |
| 14:15 | Build | Dock |
| 14:26 | Queue | Militia |
| 14:29 | Queue | Archer |
| 14:45 | Queue | Archer |
| 14:50 | Build | Blacksmith |
| 14:51 | Queue | Militia |
| 14:55 | Queue | Archer |
| 15:13 | Queue | Militia |
| 15:16 | Queue | Unit 2626 |
| 15:16 | Queue | Villager (Male) |
| 15:21 | Queue | Militia |
| 15:33 | Build | Palisade Gate |
| 15:40 | Build | House |
| 15:43 | Build | House |
| 15:45 | Build | Palisade Wall |
| 15:46 | Queue | Archer |
| 16:09 | Research | Fletching |
| 16:27 | Queue | Archer |
| 16:28 | Queue | Militia |
| 16:51 | Queue | Militia |
| 17:10 | Queue | Villager (Male) |
| 17:14 | Queue | Unit 2626 |
| 17:16 | Queue | Villager (Male) |
| 17:25 | Build | Stable |
| 17:27 | Queue | Villager (Male) |
| 17:32 | Queue | Unit 2626 |
| 17:37 | Queue | Villager (Male) |
| 17:39 | Queue | Archer |
| 17:40 | Queue | Archer |
| 17:48 | Queue | Skirmisher |
| 17:49 | Queue | Skirmisher |
| 17:49 | Queue | Militia |
| 17:50 | Queue | Villager (Male) |
| 18:04 | Build | Mill |
| 18:06 | Queue | Scout Cavalry |
| 18:06 | Queue | Scout Cavalry |
| 18:17 | Queue | Skirmisher |
| 18:27 | Queue | Fire Galley |
| 18:39 | Queue | Skirmisher |
| 18:52 | Queue | Skirmisher |
| 18:56 | Build | Farm |
| 19:10 | Queue | Militia |
| 19:11 | Queue | Skirmisher |
| 19:11 | Queue | Skirmisher |
| 19:27 | Queue | Skirmisher |
| 19:40 | Build | Farm |
| 19:40 | Queue | Villager (Male) |
| 19:56 | Queue | Skirmisher |
| 20:00 | Build | Archery Range |
Match timeline
| 3:13 | CORP_hector_sin_elo · first_building Barracks |
| 3:27 | vilage idoit · first_building Dock |
| 3:29 | vilage idoit · wall_segment Palisade Wall x1 |
| 3:31 | vilage idoit · wall_segment Palisade Wall x1 |
| 4:00 | CORP_hector_sin_elo · wall_segment Palisade Wall x1 |
| 5:51 | vilage idoit · wall_segment Palisade Wall x1 |
| 5:57 | vilage idoit · wall_segment Palisade Wall x1 |
| 6:00 | vilage idoit · wall_segment Palisade Wall x2 |
| 6:01 | vilage idoit · wall_segment Palisade Wall x2 |
| 6:05 | vilage idoit · wall_segment Palisade Wall x1 |
| 6:18 | vilage idoit · wall_segment Palisade Wall x1 |
| 6:51 | CORP_hector_sin_elo · wall_segment Palisade Wall x1 |
| 6:52 | CORP_hector_sin_elo · wall_segment Palisade Wall x4 |
| 6:53 | CORP_hector_sin_elo · wall_segment Palisade Wall x1 |
| 6:54 | CORP_hector_sin_elo · wall_segment Palisade Wall x1 |
| 6:55 | CORP_hector_sin_elo · wall_segment Palisade Wall x4 |
| 6:56 | CORP_hector_sin_elo · wall_segment Palisade Wall x3 |
| 8:06 | vilage idoit · wall_segment Palisade Wall x3 |
| 8:14 | CORP_hector_sin_elo · first_building Dock |
| 8:37 | CORP_hector_sin_elo · wall_segment Palisade Wall x1 |
| 8:38 | CORP_hector_sin_elo · wall_segment Palisade Wall x1 |
| 8:38 | CORP_hector_sin_elo · wall_segment Palisade Wall x1 |
| 8:39 | CORP_hector_sin_elo · wall_segment Palisade Wall x1 |
| 9:04 | vilage idoit · first_building Barracks |
| 9:06 | CORP_hector_sin_elo · wall_segment Palisade Wall x1 |
| 9:09 | CORP_hector_sin_elo · wall_segment Palisade Wall x3 |
| 9:10 | CORP_hector_sin_elo · wall_segment Palisade Wall x1 |
| 9:11 | CORP_hector_sin_elo · wall_segment Palisade Wall x1 |
| 9:11 | CORP_hector_sin_elo · wall_segment Palisade Wall x1 |
| 9:11 | CORP_hector_sin_elo · wall_segment Palisade Wall x1 |
| 9:16 | vilage idoit · wall_segment Palisade Wall x1 |
| 9:53 | vilage idoit · wall_segment Palisade Wall x8 |
| 10:28 | vilage idoit · wall_segment Palisade Wall x1 |
| 12:12 | CORP_hector_sin_elo · age_up feudal |
| 12:16 | CORP_hector_sin_elo · wall_segment Palisade Wall x2 |
| 12:26 | vilage idoit · age_up feudal |
| 13:03 | vilage idoit · wall_segment Palisade Wall x1 |
| 13:21 | vilage idoit · first_building Archery Range |
| 13:40 | CORP_hector_sin_elo · first_building Archery Range |
| 13:43 | vilage idoit · wall_segment Palisade Wall x1 |
| 13:44 | vilage idoit · wall_segment Palisade Wall x1 |
| 14:01 | vilage idoit · wall_segment Palisade Wall x1 |
| 14:03 | vilage idoit · wall_segment Palisade Wall x1 |
| 14:05 | vilage idoit · wall_segment Palisade Wall x1 |
| 15:45 | vilage idoit · wall_segment Palisade Wall x1 |
| 17:25 | vilage idoit · first_building Stable |
| 20:36 | vilage idoit · resign |
[ AI ANALYSIS · 1 CREDIT ]
What really happened in this match?
Wolo.gg analyzes every decision: build order, eco, micro, common mistakes by bracket. Personalized analysis on WhatsApp or Discord in 30 seconds.
Civ guide
Jurchens
Perfil
Jugador #459775